 Dungeon Crawl Stone Soup version 0.27-a0-1181-g5f64966fcc (webtiles) character file.

Game seed: 8315561178920628086

130 streetpizza the Magician (level 4, 0/34 HPs)
             Began as a Demonspawn Wanderer on May 17, 2021.
             Killed by divine providence
             ... invoked by an orc priest
              (11 damage)
             ... on level 4 of the Dungeon.
             The game lasted 00:12:43 (3533 turns).

streetpizza the Magician (Demonspawn Wanderer)      Turns: 3533, Time: 00:12:43

Health: 0/34       AC:  9    Str: 12    XL:     4   Next: 89%
Magic:  7/8        EV: 11    Int: 14    God:
Gold:   151        SH:  4    Dex: 13    Spells: 8/9 levels left

rFire    . . .     SeeInvis .   e - +0 mace
rCold    . . .     Faith    .   (no shield)
rNeg     . . .     Spirit   .   j - +0 leather armour
rPois    .         Reflect  .   (no helmet)
rElec    .         Harm     .   (no cloak)
rCorr    .         Rampage  .   (no gloves)
Will     .....                  (no boots)
Stlth    +.........             (no amulet)
HPRegen  0.11/turn              (no ring)
MPRegen  0.11/turn              (no ring)

@: sanguine armoured
A: foul stench 1, sanguine armour 1, condensation shield
a: no special abilities


You were on level 4 of the Dungeon.
You visited 1 branch of the dungeon, and saw 4 of its levels.

You collected 151 gold pieces.

Inventory:

Hand Weapons
 a - a +0 shortbow
 e - a +0 mace (weapon)
 m - a +2 dagger of venom
Missiles
 b - 70 stones
 c - 80 arrows
Armour
 d - a +0 ring mail
 j - a +0 leather armour (worn)
Jewellery
 p - an amulet of guardian spirit
Scrolls
 f - a scroll of enchant weapon {unknown}
 h - a scroll of identify {unknown}
 i - a scroll of fog {unknown}
 k - a scroll of enchant armour {unknown}
 l - 2 scrolls of teleportation {unknown}
Potions
 g - a potion of might
 n - a potion of heal wounds {unknown}
 o - a potion of magic {unknown}


   Skills:
 + Level 2.4 Fighting
 + Level 1.7 Maces & Flails
 - Level 1.0 Bows
 - Level 1.1 Armour
 + Level 1.6 Dodging
 - Level 1.0 Shields
 - Level 3.1 Spellcasting
 - Level 1.7 Transmutations
 + Level 1.8 Earth Magic
 - Level 1.0 Evocations


You had 8 spell levels left.
You knew the following spells:

 Your Spells              Type           Power      Damage    Failure   Level
a - Sandblast             Erth           14%        2d6       13%         1

Your spell library contained the following spells:

 Spells                   Type           Power      Damage    Failure   Level
 Passwall                 Tmut/Erth      5%         N/A       21%         2
 Stone Arrow              Conj/Erth      8%         3d7       50%         3
 Petrify                  Tmut/Erth      7%         N/A       78%         4
 Lee's Rapid Deconstruct  Erth           3%         3d6*      98%         5


Dungeon Overview and Level Annotations

Branches:
Dungeon (4/15)
 Temple: D:4-7

Altars:
Qazlal


Innate Abilities, Weirdness & Mutations

You may rarely emit foul miasma when damaged in melee.
When seriously injured, your bleeding wounds create armour. (AC +6)
A meltable shield of frost defends you. (SH +4)


Message History

Aiming: Sandblast (safe; 13% risk of failure)
Press: ? - help, Shift-Dir - straight line, f - hobgoblin
Aim: a hobgoblin (78% to hit)
You miscast Sandblast.
You are very lightly contaminated with residual magic.
Nothing appears to happen.
Casting: Sandblast (safe; 13% risk of failure)
Confirm with . or Enter, or press ? or * to list all spells.
Aiming: Sandblast (safe; 13% risk of failure)
Press: ? - help, Shift-Dir - straight line, f/p - hobgoblin
Aim: a hobgoblin (78% to hit)
The blast of sand misses the hobgoblin.
You closely miss the hobgoblin.
The hobgoblin hits you but does no damage.
You hit the hobgoblin.
You kill the hobgoblin!
Your magical contamination has completely faded away.
p - an amulet of guardian spirit An orc priest comes into view.
It is wielding a +2 war axe of freezing.
The orc priest shouts!
You hear a shout! x2
An orc comes into view. It is wielding a +0 dagger.
Casting: Sandblast (safe; 13% risk of failure)
Confirm with . or Enter, or press ? or * to list all spells.
You can't see any susceptible monsters within range! (Use Z to cast anyway.)
An orc and an orc priest come into view.
The orc priest shouts!
Casting: Sandblast (safe; 13% risk of failure)
Confirm with . or Enter, or press ? or * to list all spells.
Aiming: Sandblast (safe; 13% risk of failure)
Press: ? - help, Shift-Dir - straight line, f - orc priest
Aim: an orc priest, wielding a +2 war axe of freezing and wearing a +0 leather armour (78% to hit)
The blast of sand misses the orc priest.
You hit the orc priest but do no damage.
The orc priest hits you with a +2 war axe of freezing!
The orc priest freezes you.
Your blood congeals into armour.
The orc priest hits you with a +2 war axe of freezing!
The orc priest freezes you.
The orc priest invokes the aid of Beogh against you.
Beogh smites you!
You die...

.....###. ...#.###.
#....## . ##o...
..####.o.# #........#
###......##
######.oo.# #.#
##@..#### #####..
##......#
..#.....####...##....
...#..#..##....# ###.
...#........#..#
...........###..# .
...........# #.#
.............# ..#
.....###.....## ....


You could see 2 orc priests and 2 orcs.

Vanquished Creatures
  2 orc wizards (D:3)
  A hound skeleton (D:4)
  An adder (D:2)
  An orc (D:3)
  2 ball pythons
  7 bats
  4 endoplasms
  4 giant cockroaches
  5 goblins
  8 hobgoblins
  8 jackals
  A kobold (D:1)
  A quokka (D:1)
  4 frilled lizards
  2 rats
51 creatures vanquished.

Notes
Turn   | Place    | Note
-------+----------+-------------------------------------------
     0 | D:1      | streetpizza the Demonspawn Wanderer began the quest for the
                  | Orb.
     0 | D:1      | streetpizza set off with the following items: a +0
                  | shortbow, 24 arrows, a +0 ring mail; and the following
                  | spell memorised: Sandblast; and the following spells
                  | available to memorise: Passwall, Stone Arrow, Petrify,
                  | Lee's Rapid Deconstruction
     0 | D:1      | Reached XP level 1. HP: 15/15 MP: 4/4
   234 | D:1      | Gained mutation: When seriously injured, your bleeding
                  | wounds create armour. (AC +6) [demonic ancestry]
   234 | D:1      | Reached XP level 2. HP: 15/21 MP: 3/6
   952 | D:1      | Reached skill level 1 in Earth Magic
  1321 | D:1      | Gained mutation: You may rarely emit foul miasma when
                  | damaged in melee. [demonic ancestry]
  1321 | D:1      | Reached XP level 3. HP: 26/26 MP: 0/7
  2050 | D:2      | Reached skill level 1 in Maces & Flails
  2050 | D:2      | Reached skill level 1 in Dodging
  2657 | D:3      | Found a stormy altar of Qazlal.
  2713 | D:3      | Gained mutation: A meltable shield of frost defends you.
                  | (SH +4) [demonic ancestry]
  2713 | D:3      | Reached XP level 4. HP: 8/33 MP: 6/8
  3533 | D:4      | Killed from afar by an orc priest

Illustrated notes

Levels and vault maps discovered:
D:1:      dpeg_arrival_morbid_curiosity, layout_loops_ring,
          minmay_tree_intersection
D:2:      layout_basic
D:3:      layout_basic, grunt_qazlal_clouds, nicolae_underground_beach
D:4:      layout_layer_cave, grunt_temple_overflow_gold_and_silver,
          cheibrodos_ashenzari_chains, uniq_duvessa

Skill      XL: |  1  2  3 |
---------------+----------+-----
Earth Magic    | 1 |  1.8
Maces & Flails | 1 |  1.7
Dodging        | 1 |  1.6
Fighting       | 2 |  2.4
Bows           | |  1.0
Armour         | |  1.1
Shields        | |  1.0
Spellcasting   | |  3.1
Transmutations | |  1.7
Evocations     | |  1.0

Action                   |  1- 3 |  4- 6 || total
-------------------------+-------+-------++-------
Melee: Mace              |   127 |     5 ||   132
       Dagger            |       |    20 ||    20
 Fire: Shortbow          |    15 |       ||    15
 Cast: Sandblast         |    20 |     4 ||    24
  Use: Potion            |       |     2 ||     2
Armor: Ring mail         |    64 |       ||    64
       Leather armour    |    16 |     6 ||    22
Dodge: Dodged            |   111 |    12 ||   123
Block: Other             |       |     2 ||     2

Table legend: (Time is in decaauts)
 A = Elapsed time spent in this place.
 B = Non-inter-level travel time spent in this place.
 C = Inter-level travel time spent in this place.
 D = Time resting spent in this place.
 E = Time spent auto-exploring this place.
 F = Levels seen in this place.
 G = Mean time per level.
                   A        B        C        D        E       F      G
               +--------+--------+--------+--------+--------+-----+--------+
         Total |   3594 |   3557 |     37 |      8 |   3062 |   4 |  898.5 |
       Dungeon |   3594 |   3557 |     37 |      8 |   3062 |   4 |  898.5 |
               +--------+--------+--------+--------+--------+-----+--------+

Top non-repeatable levels by time:
     D:1: 1510 daAuts
     D:3: 1197 daAuts
     D:2: 682 daAuts
     D:4: 203 daAuts
